 Dungeon Crawl Stone Soup version 0.20-a0-901-g27f6fa8 (webtiles) character file.

165862 Firebatgyro the Warrior (level 17, -5/131 HPs)
             Began as a Demonspawn Wanderer on Mar 19, 2017.
             Was the Champion of Hepliaklqana.
             Killed from afar by a shock serpent (15 damage)
             ... with a bolt of electricity
             ... on level 4 of the Snake Pit.
             The game lasted 01:15:35 (35330 turns).

Firebatgyro the Warrior (Demonspawn Wanderer)      Turns: 35330, Time: 01:15:36

Health: -5/131     AC: 34    Str: 15    XL:     17   Next: 28%
Magic:  0/23       EV:  6    Int: 16    God:    Hepliaklqana [******]
Gold:   2476       SH:  0    Dex: 16    Spells: 10/16 levels left

rFire    . . .     SeeInvis .     - Unarmed
rCold    + . .     Gourm    +   w - +3 plate armour of Goclu {rN++}
rNeg     + + +     Faith    .   (no shield)
rPois    +         Spirit   +   m - +1 hat {Int+3}
rElec    .         Reflect  .   J - scarf {rC+}
rCorr    .         Harm     .   (gloves unavailable)
MR       ++...                  H - +0 pair of boots
Stlth    ..........             u - amulet of a Million Dances {Gourm +Blink MR+}
Regen    0.4/turn               c - ring "Kuuzeluhu" {rN+ Slay+4}
MPRegen  0.2/turn               (no ring)

@: lethally poisoned (-5 -> -9), sanguine armour
A: reduced essence, antennae 1, claws 3, talons 1, demonic guardian 2, poison
resistance, weak 1, magic shield, sanguine armour 3
a: Recall Ancestor, Ancestor Identity, Transference, Idealise, Renounce
Religion, Evoke Blink


You were on level 4 of the Snake Pit.
You worshipped Hepliaklqana.
Hepliaklqana was exalted by your worship.
You were not hungry.

You visited 5 branches of the dungeon, and saw 28 of its levels.
You visited 1 bazaar.
You also visited: Labyrinth.

You collected 2957 gold pieces.
You spent 481 gold pieces at shops.

Inventory:

Hand Weapons
 S - a +0 longbow
Missiles
 b - 959 arrows
 I - 6 javelins (quivered)
 R - 2 throwing nets
Armour
 m - a +1 hat of intelligence (worn)
 r - a +1 cloak of invisibility
 w - the +3 plate armour of Goclu (worn) {rN++}
   (You found it on level 3 of the Snake Pit)

   It greatly protects you from negative energy.
 H - a +0 pair of boots (worn)
 J - a scarf of cold resistance (worn)
Jewellery
 c - the ring "Kuuzeluhu" (right claw) {rN+ Slay+4}
   (You took it off a minotaur in a labyrinth)

   [ring of slaying]

   It affects your accuracy and damage with ranged weapons and melee attacks
   (+4).
   It protects you from negative energy.
 h - an uncursed ring of flight
 u - the amulet of a Million Dances (around neck) {Gourm +Blink MR+}
   (You found it on level 2 of the Lair of Beasts)

   [amulet of the gourmand]

   It allows you to eat raw meat even when not hungry.
   It affects your resistance to hostile enchantments.
   It lets you blink.
 x - a +3 ring of strength
 y - an uncursed ring of teleportation
 E - an uncursed ring of ice
 U - a +3 ring of evasion
Wands
 d - a wand of lightning (8/15)
 F - a wand of lightning (7/15)
 M - a wand of iceblast (2/15)
 Q - a wand of disintegration (12/24)
 Z - a wand of iceblast (6/15)
Scrolls
 a - a scroll of enchant armour
 e - 2 scrolls of blinking
 f - 9 scrolls of remove curse
 i - 2 scrolls of noise
 k - 6 scrolls of teleportation
 s - 19 scrolls of identify
 A - 4 scrolls of recharging
 D - 2 scrolls of immolation
 G - 3 scrolls of fog
 L - 2 scrolls of magic mapping
 N - 2 scrolls of enchant weapon
 T - 3 scrolls of fear
Potions
 l - 2 potions of ambrosia
 o - 8 potions of brilliance
 p - 2 potions of invisibility
 t - 3 potions of curing
 v - a potion of resistance
 z - 7 potions of lignification
 C - 4 potions of magic
 O - a potion of heal wounds
 P - 2 potions of might
 V - a potion of berserk rage
 W - a potion of flight {unknown}
 X - a potion of haste
Books
 K - a book of Conjurations

   Spells                             Type                      Level
   a - Magic Dart                     Conjuration                  1
   b - Searing Ray                    Conjuration                  2
   c - Dazzling Spray                 Conjuration/Hexes            3
   d - Fulminant Prism                Conjuration/Hexes            4
   e - Force Lance                    Conjuration/Translocation    4
   f - Iskenderun's Mystic Blast      Conjuration                  4
Miscellaneous
 n - a lamp of fire
Comestibles
 g - 10 bread rations
 j - 13 meat rations
 q - 9 royal jellies
 B - 43 fruits


   Skills:
 + Level 16.9 Fighting
   Level 1.0 Long Blades
 - Level 3.6 Bows
 - Level 1.0 Throwing
 + Level 15.2 Armour
 - Level 1.0 Dodging
   Level 1.0 Shields
 + Level 16.0 Unarmed Combat
 - Level 6.0 Invocations
 - Level 8.8 Evocations


You had 10 spell levels left.
You knew the following spells:

 Your Spells              Type           Power        Failure   Level  Hunger
a - Statue Form           Tmut/Erth      #........    100%        6    #######


Dungeon Overview and Level Annotations

Branches:
Dungeon (15/15)            Temple (1/1) D:7            Lair (6/6) D:9
 Shoals (0/4) Lair:3        Snake (4/4) Lair:4        Slime (0/5) Lair:6
    Orc (2/2) D:12            Elf (0/3) Orc:2        Vaults (0/5) D:13
 Depths (0/5) D:15

Altars:
Ashenzari
Cheibriados
Dithmenos
Elyvilon
Fedhas
Gozag
Hepliaklqana
Kikubaaqudgha
Makhleb
Okawaru
Qazlal
Ru
Sif Muna
Trog
Uskayaw
Vehumet
Wu Jian
Yredelemnul
Zin
The Shining One

Shops:
D:5 %   D:6 (   D:7 (   D:13 }   Orc:1 *   Orc:2 :%**


Innate Abilities, Weirdness & Mutations

You have claws for hands.
A demonic guardian rushes to your aid.
When hurt, damage is shared between your health and your magic reserves.
When seriously injured, your bleeding wounds create very thick armour. (AC +12)
Your life essence is reduced. (-10% HP)
You have a pair of small antennae on your head.
You have sharp toenails.
Your system is resistant to poisons. (rPois)
You are weak. (Str -2)


Message History

The shock serpent is heavily wounded.
The shock serpent's electric aura discharges violently, shocking you!
* * * LOW HITPOINT WARNING * * *
You feel sick. The shock serpent bites you.
* * * LOW HITPOINT WARNING * * *
The shock serpent shocks you!
* * * LOW HITPOINT WARNING * * *
You closely miss the shock serpent.
The shock serpent is heavily wounded.
You feel sick. The shock serpent bites you!
* * * LOW HITPOINT WARNING * * *
The shock serpent shocks you!
* * * LOW HITPOINT WARNING * * *
Unknown command.
You feel much better.
You feel sick.
The shock serpent shoots out a bolt of lightning at you!
The bolt of electricity hits you!
* * * LOW HITPOINT WARNING * * *
The bolt of electricity hits you!
You die...

....#.........#...####........#..
.......................##########
................########
....#####..........# ....#
###..#.#(#.#.# #### #...
##.####....#.....#.###..######...
#.###.....##.#....##............
##.##..###[##.##.S..............#
#..#...#....)..<@#{.............#
#.#####.).....#.(()...........#.S
..###.).###...###N(.).N.......#.'
.#.().##..).....[R.)...........(#
...(########...)..###......S##(.#
....########.#...[##<.(.......N..
..............................###
....########.#.........####.#..##
)(..# #.).............N.{........


You could see the friendly Nammahani the battlemage, a shock serpent and 2
nagas.

Vanquished Creatures
  Rupert (D:15)
  3 nagarajas
  An orc warlord (Orc:1)
  A dire elephant (Lair:6)
  A deep elf annihilator (D:12)
  A fire dragon (D:15)
  A minotaur (Lab)
  The ghost of Mixedsea the Minotaur Cataclysm, a journeyman MiFi of Qazlal (D:11)
  2 hydras
  8 naga warriors
  3 catoblepae (Lair:6)
  Erica (D:8)
  7 anacondas
  2 centaur warriors
  10 two-headed ogres
  4 death yaks
  2 tengu warriors (D:15)
  An ogre mage (Orc:2)
  8 naga sharpshooters
  9 shock serpents
  5 skeletal warriors
  An unseen horror (D:13)
  5 naga ritualists
  2 lindwurms
  5 mana vipers
  An orc knight (D:13)
  4 oklob plants (Lair:6)
  5 ugly things
  5 salamanders
  A manticore (Lair:6)
  2 deep elf magi
  2 cyclopes (D:15)
  A faun (Lair:3)
  17 black mambas
  A frost giant skeleton (D:15)
  7 elephants (Lair:6)
  Psyche (D:9)
  3 guardian serpents
  A centaur zombie (D:13)
  5 naga magi
  10 spiny frogs
  A gargoyle (D:10)
  A kobold demonologist (D:13)
  4 komodo dragons
  3 rime drakes (Lair:6)
  A yaktaur (D:13)
  6 trolls
  6 blink frogs
  A harpy skeleton (D:15)
  A polar bear (Lair:6)
  4 hippogriffs
  3 slime creatures (D:15)
  A spriggan zombie (D:15)
  A deep troll zombie (D:15)
  2 wraiths
  35 yaks
  A vampire (D:14)
  2 wyverns
  A fire elemental (D:12)
  A basilisk (Lair:6)
  A human (D:8)
  A vampire mosquito (D:12)
  Grum (D:8)
  3 hogs (D:8)
  A hungry ghost (D:13)
  A steam dragon (D:11)
  A soldier ant (D:11)
  A warg (Orc:1)
  26 nagas
  11 water moccasins
  7 porcupines
  19 orc warriors
  An ice beast (D:8)
  2 sky beasts
  6 necrophages
  18 ogres
  A phantom (D:6)
  9 crocodiles
  17 wolves
  12 centaurs
  4 big kobolds
  11 bullfrogs
  6 killer bees
  4 scorpions
  4 wights (D:13)
  4 howler monkeys
  A vampire bat (D:9)
  7 crimson imps
  A lava snake (D:12)
  Crazy Yiuf (D:2)
  14 hounds
  8 orc priests
  4 jellies
  A bullfrog zombie (D:5)
  5 centaur skeletons
  3 bullfrog skeletons
  A gnoll shaman (D:8)
  10 orc wizards
  3 iguanas
  10 worker ants
  2 hound zombies
  A hound skeleton (D:3)
  6 gnolls
  12 adders
  2 oozes
  An adder zombie (D:8)
  2 adder skeletons
  5 worms
  5 dart slugs
  5 leopard geckos
  79 orcs
  2 giant cockroaches
  3 goblins
  10 hobgoblins
  14 jackals
  22 kobolds
  3 quokkas
  3 ball pythons
  16 bats
  9 frilled lizards
  2 jackal skeletons
  A leopard gecko skeleton (D:5)
  A quokka skeleton (D:9)
  6 rats
  2 fungi
681 creatures vanquished.

Vanquished Creatures (collateral kills)
  A nagaraja (Snake:4)
  Aizul (Snake:4)
  Snorg (D:11)
  5 ogre magi
  7 hydras
  4 naga warriors
  17 two-headed ogres
  6 anacondas
  4 death yaks (Lair:5)
  2 shock serpents
  2 naga sharpshooters
  Urug (Lair:5)
  2 skeletal warriors
  2 salamander mystics
  2 flayed ghosts
  The ghost of GoodGuyCisco the Cleaver, a novice GrBe of Trog (D:9)
  An unseen horror (D:10)
  A necromancer (D:15)
  2 naga ritualists
  2 oklob plants (Lair:6)
  An orc knight (Orc:1)
  5 mana vipers
  A manticore (Lair:6)
  5 ugly things
  An elephant (Lair:6)
  A centaur zombie (D:11)
  5 naga magi
  19 black mambas
  3 guardian serpents
  5 spiny frogs
  A torpor snail (Lair:6)
  2 centaur skeletons
  A freezing wraith (D:12)
  2 komodo dragons
  2 yaktaurs (D:13)
  A rime drake (Lair:6)
  3 trolls
  A polar bear (Lair:2)
  A tengu conjurer (D:15)
  A hornet (D:12)
  5 slime creatures (D:15)
  Prince Ribbit (D:8)
  7 blink frogs
  2 dream sheep (Lair:6)
  4 hippogriffs
  A centaur simulacrum (D:15)
  An ice dragon skeleton (D:15)
  21 yaks
  A vampire (D:15)
  A wyvern (Lair:4)
  A hog (D:8)
  16 nagas
  A warg (Orc:2)
  4 water moccasins
  3 orc warriors
  3 porcupines
  An ice beast (D:7)
  2 necrophages (Lair:2)
  16 wolves
  A phantom (D:13)
  18 ogres
  12 centaurs
  4 crocodiles
  A big kobold (D:13)
  4 bullfrogs
  2 killer bees
  3 crimson imps
  2 bullfrog zombies
  3 lava snakes (D:12)
  6 orc priests
  An orc wizard (D:12)
  A worker ant (D:12)
  A hound skeleton (D:11)
  A gnoll (D:8)
  An adder skeleton (D:8)
  16 orcs
  A jackal (D:8)
  6 kobolds
  A butterfly (Lair:3)
  A plant (Lair:6)
302 creatures vanquished.

Vanquished Creatures (others)
  A centaur skeleton (D:13)
  25 battlemagi
  4 ancestors
  10 fungi
  11 plants (Lair:6)
  3 withered plants (D:15)
54 creatures vanquished.

Grand Total: 1037 creatures vanquished

Notes
Turn   | Place    | Note
-------+----------+-------------------------------------------
     0 | D:1      | Firebatgyro the Demonspawn Wanderer began the quest for the Orb.
     0 | D:1      | Firebatgyro set off with: a +2 shortbow, 25 arrows, a potion of lignification, 14 poisoned needles, a +0 blowgun, a +0 robe, a bread ration
     0 | D:1      | Reached XP level 1. HP: 16/16 MP: 1/1
   479 | D:1      | Gained mutation: You have sharp fingernails. [demonic ancestry]
   479 | D:1      | Reached XP level 2. HP: 22/23 MP: 2/2
  1036 | D:1      | Gained mutation: You have very sharp fingernails. [demonic ancestry]
  1036 | D:1      | Reached XP level 3. HP: 24/29 MP: 3/3
  1120 | D:1      | Reached skill level 1 in Unarmed Combat
  1932 | D:2      | Reached XP level 4. HP: 14/36 MP: 4/4
  2467 | D:2      | Found a runed door.
  2471 | D:2      | Noticed Crazy Yiuf
  2507 | D:2      | Killed Crazy Yiuf
  2754 | D:2      | Reached XP level 5. HP: 36/41 MP: 5/5
  3812 | D:4      | Found a deep blue altar of Sif Muna.
  4504 | D:4      | Gained mutation: You have claws for hands. [demonic ancestry]
  4504 | D:4      | Reached XP level 6. HP: 28/48 MP: 6/6
  4703 | D:4      | Found a glowing golden altar of the Shining One.
  4899 | D:5      | Entered Level 5 of the Dungeon
  4949 | D:5      | Reached skill level 1 in Armour
  4967 | D:5      | Found Tetufub's Food Boutique.
  5426 | D:5      | Found a basalt altar of Yredelemnul.
  5500 | D:5      | Reached XP level 7. HP: 53/55 MP: 7/7
  5995 | D:6      | Reached skill level 5 in Unarmed Combat
  6250 | D:6      | Reached skill level 5 in Fighting
  6805 | D:6      | Gained mutation: A weak demonic guardian rushes to your aid. [demonic ancestry]
  6805 | D:6      | Reached XP level 8. HP: 21/64 MP: 8/8
  7246 | D:6      | Reached skill level 5 in Armour
  7385 | D:6      | Found Loramise's Antique Weapon Emporium.
  7566 | D:6      | Gained mutation: When hurt, damage is shared between your health and your magic reserves. [demonic ancestry]
  7566 | D:6      | Reached XP level 9. HP: 26/72 MP: 9/9
  7956 | D:7      | Found Baufer's Weapon Emporium.
  8279 | D:7      | Found a staircase to the Ecumenical Temple.
  8285 | Temple   | Entered the Ecumenical Temple
  8364 | Temple   | Became a worshipper of Hepliaklqana the Forgotten
  8592 | D:7      | Reached skill level 1 in Invocations
  8736 | D:7      | Noticed a troll
  8754 | D:8      | Noticed a six-headed hydra
  9089 | D:8      | Killed a six-headed hydra
  9123 | D:8      | Noticed Prince Ribbit
  9144 | D:8      | Found a snail-covered altar of Cheibriados.
  9279 | D:8      | Gained mutation: A demonic guardian rushes to your aid. [demonic ancestry]
  9279 | D:8      | Reached XP level 10. HP: 45/72 MP: 10/12
  9446 | D:8      | Found an opulent altar of Gozag.
  9474 | D:8      | Noticed Grum
  9714 | D:8      | Killed Grum
  9830 | D:8      | Noticed Erica
  9837 | D:8      | Killed Erica
  9837 | D:8      | Reached skill level 5 in Invocations
  9867 | D:8      | Noticed a two-headed ogre
  9871 | D:8      | Killed Prince Ribbit
  9875 | D:8      | Killed a two-headed ogre
  9879 | D:8      | Noticed a two-headed ogre
  9884 | D:8      | Killed a two-headed ogre
 10806 | D:8      | Found a blossoming altar of Fedhas.
 10960 | D:9      | Noticed Psyche
 11139 | D:9      | Reached * piety under Hepliaklqana
 11194 | D:9      | Found a stormy altar of Qazlal.
 11201 | D:9      | Killed Psyche
 11221 | D:9      | Reached XP level 11. HP: 53/81 MP: 13/15
 11451 | D:9      | Noticed a two-headed ogre
 11459 | D:9      | Killed a two-headed ogre
 11482 | D:9      | Noticed GoodGuyCisco's ghost (novice GrBe)
 11494 | D:9      | Killed GoodGuyCisco's ghost
 11494 | D:9      | Reached skill level 10 in Fighting
 11773 | D:9      | Found a staircase to the Lair.
 11883 | D:9      | Found a burning altar of Makhleb.
 12001 | Lair:1   | Entered Level 1 of the Lair of Beasts
 12340 | Lair:1   | Reached ** piety under Hepliaklqana
 12341 | Lair:1   | Remembered your ancestor Nammahani as a battlemage
 12587 | Lair:1   | Reached skill level 10 in Unarmed Combat
 13091 | Lair:2   | Noticed a seven-headed hydra
 13100 | Lair:2   | Killed a seven-headed hydra
 13257 | Lair:2   | Noticed a six-headed hydra
 13264 | Lair:2   | Killed a six-headed hydra
 13300 | Lair:2   | Reached XP level 12. HP: 89/90 MP: 16/16
 13513 | Lair:2   | Got a translucent bronze amulet
 13895 | Lair:3   | Reached *** piety under Hepliaklqana
 14057 | Lair:3   | Found a staircase to the Shoals.
 14079 | Lair:3   | Noticed a five-headed hydra
 14086 | Lair:3   | Killed a five-headed hydra
 14086 | Lair:3   | Reached skill level 10 in Armour
 14127 | Lair:3   | Identified the amulet of a Million Dances {Gourm +Blink MR+} (You found it on level 2 of the Lair of Beasts)
 14242 | Lair:3   | Noticed a four-headed hydra
 14252 | Lair:3   | Killed a four-headed hydra
 15184 | Lair:4   | Identified a scroll of acquirement
 15199 | Lair:4   | Found a staircase to the Snake Pit.
 15241 | Lair:4   | Found a labyrinth entrance.
 15250 | Lab      | Entered a labyrinth
 15314 | Lab      | Reached **** piety under Hepliaklqana
 15491 | Lab      | Noticed a minotaur
 15505 | Lab      | Killed a minotaur
 15505 | Lab      | Reached skill level 1 in Evocations
 15508 | Lab      | Got a smoking golden ring
 15512 | Lab      | Got a heavily runed ivory amulet
 15515 | Lair:4   | Identified the ring "Kuuzeluhu" {rN+ Slay+4} (You took it off a minotaur in a labyrinth)
 15519 | Lair:4   | Identified the amulet of Mistrust {Spirit Str+2} (You found it in a labyrinth)
 16200 | Lair:4   | Noticed an eight-headed hydra
 16210 | Lair:4   | Killed a ten-headed hydra
 16518 | Lair:5   | Gained mutation: When seriously injured, your bleeding wounds create armour. (AC +12) [demonic ancestry]
 16518 | Lair:5   | Reached XP level 13. HP: 81/98 MP: 12/17
 16719 | Lair:5   | Reached ***** piety under Hepliaklqana
 16868 | Lair:5   | Noticed Urug
 16878 | Lair:5   | Killed Urug
 17116 | Lair:6   | Entered Level 6 of the Lair of Beasts
 17700 | Lair:6   | Reached skill level 5 in Evocations
 18176 | Lair:6   | Noticed a dire elephant
 18453 | Lair:6   | Found a sacrificial altar of Ru.
 18631 | Lair:6   | Gained mutation: When seriously injured, your bleeding wounds create thick armour. (AC +12) [demonic ancestry]
 18631 | Lair:6   | Reached XP level 14. HP: 106/106 MP: 18/18
 19253 | Lair:6   | Found a staircase to the Slime Pits.
 19271 | Lair:6   | HP: 1/106 [acid (12)]
 19641 | D:10     | Entered Level 10 of the Dungeon
 20002 | D:10     | Learned a level 6 spell: Statue Form
 20573 | D:11     | Noticed Mixedsea's ghost (journeyman MiFi)
 20582 | D:11     | Killed Mixedsea's ghost
 20679 | D:11     | Noticed Snorg
 20716 | D:11     | Killed Snorg
 21582 | D:12     | Found a staircase to the Orcish Mines.
 21956 | D:12     | Gained mutation: Your body sometimes deteriorates upon taking damage. [potion of mutation]
 21956 | D:12     | Gained mutation: You can translocate small distances at will. [potion of mutation]
 21956 | D:12     | Gained mutation: Your natural rate of healing is unusually fast. [potion of mutation]
 21957 | D:12     | Lost mutation: Your body sometimes deteriorates upon taking damage. [potion of mutation]
 21957 | D:12     | Lost mutation: Your natural rate of healing is unusually fast. [potion of mutation]
 21957 | D:12     | Lost mutation: You can translocate small distances at will. [potion of mutation]
 21957 | D:12     | Gained mutation: You are agile. (Dex +2) [potion of mutation]
 21957 | D:12     | Gained mutation: You have a pair of small horns on your head. [potion of mutation]
 21957 | D:12     | Gained mutation: You are weak. (Str -2) [potion of mutation]
 21957 | D:12     | Gained mutation: You have sharp toenails. [potion of mutation]
 21960 | D:12     | Lost mutation: You are agile. (Dex +2) [potion of mutation]
 21960 | D:12     | Lost mutation: You have a pair of small horns on your head. [potion of mutation]
 21960 | D:12     | Gained mutation: You have a pair of small antennae on your head. [potion of mutation]
 21960 | D:12     | Gained mutation: Your system is resistant to poisons. (rPois) [potion of mutation]
 22076 | Orc:1    | Entered Level 1 of the Orcish Mines
 22204 | Orc:2    | Entered Level 2 of the Orcish Mines
 22204 | Orc:2    | Found a flickering gateway to a bazaar.
 22204 | Orc:2    | Noticed an orc warlord
 22237 | Orc:1    | Killed an orc warlord
 22542 | Bazaar   | Entered a bazaar
 22542 | Bazaar   | Found Zipestav's Book Boutique.
 22549 | Bazaar   | Found Zyuheku's Food Shop.
 22570 | Bazaar   | Found Douvahi's Magic Scroll Emporium.
 22578 | Bazaar   | Bought a scroll of noise for 12 gold pieces
 22578 | Bazaar   | Bought a scroll of teleportation for 36 gold pieces
 22587 | Bazaar   | Found Tuhym's Weapon Boutique.
 22765 | Orc:1    | Found Puehev's Practical Paraphernalia.
 23011 | Orc:2    | Reached ****** piety under Hepliaklqana
 23095 | Orc:2    | Found a staircase to the Elven Halls.
 23538 | Orc:2    | Reached XP level 15. HP: 57/113 MP: 11/21
 23870 | Orc:2    | Found Dulib's General Store.
 23870 | Orc:2    | Found Vogatwa's Book Boutique.
 23870 | Orc:2    | Found Pasaofit's Assorted Antiques.
 23870 | Orc:2    | Found Cosk's Food Emporium.
 24046 | Orc:2    | Bought 2 scrolls of magic mapping for 189 gold pieces
 24046 | Orc:2    | Bought a grey potion for 24 gold pieces
 24046 | Orc:2    | Bought a curved lead wand for 108 gold pieces
 24056 | Orc:2    | Bought a scroll of blinking for 112 gold pieces
 24351 | D:13     | Found a gate to the Vaults.
 24761 | D:13     | Found Onwuurcho's Quality Used Wands.
 25746 | D:15     | Entered Level 15 of the Dungeon
 26221 | D:15     | Found a staircase to the Depths.
 26242 | D:15     | Noticed Rupert
 26256 | D:15     | Killed Rupert
 26256 | D:15     | Reached skill level 15 in Fighting
 27243 | Snake:1  | Entered Level 1 of the Snake Pit
 27454 | Snake:1  | Noticed a nagaraja
 27455 | Snake:1  | Gained mutation: When seriously injured, your bleeding wounds create very thick armour. (AC +12) [demonic ancestry]
 27455 | Snake:1  | Reached XP level 16. HP: 52/122 MP: 11/22
 29040 | Snake:2  | Reached skill level 15 in Unarmed Combat
 30786 | Snake:3  | Got a jewelled plate armour
 30797 | Snake:3  | Identified the +3 plate armour of Goclu {rN++} (You found it on level 3 of the Snake Pit)
 31275 | Snake:3  | Found a glowing golden altar of the Shining One.
 32985 | Snake:4  | Entered Level 4 of the Snake Pit
 33003 | Snake:4  | Noticed Aizul
 33013 | Snake:4  | Killed Aizul
 33486 | Snake:4  | Got an ichor-stained leather armour
 33497 | Snake:4  | Identified the +3 leather armour "Ququbiec" {rN+ rCorr} (You found it on level 4 of the Snake Pit)
 33553 | Snake:4  | Reached XP level 17. HP: 115/131 MP: 23/23
 33638 | Snake:4  | Reached skill level 15 in Armour
 35329 | Snake:4  | HP: 1/131 [shock serpent (12)]
 35330 | Snake:4  | Killed from afar by a shock serpent

Vault maps used:
D:1:      minmay_arrival_widening_spiral_narrow
D:2:      uniq_crazy_yiuf_cottage
D:4:      overflow_temple_1_default, old_standard_altar
D:5:      basic_altar, first_bread, serial_shops, shop
D:6:      serial_shops, shop, grunt_decor_one_mirror, kennysheep_cluttered_room,
          uniq_sigmund
D:7:      minmay_temple_entry_statues_pillars, serial_shops, shop
D:8:      kennysheep_mini, lemuel_coloured_pillars_altar, grunt_livestock,
          nicolae_gozag_seed_capital, uniq_erica, uniq_grum, uniq_prince_ribbit1
D:9:      grunt_qazlal_clouds, makhleb_heckhound_becter, lair_entry_dummy,
          roderic_batcave, uniq_psyche
D:10:     special_room, serial_bayou_pond_c
D:11:     uniq_snorg
D:12:     kennysheep_four_of_diamonds
D:13:     hangedman_vaults_entry_quadrant_bands, nicolae_for_you_no_charge
D:14:     hangedman_decor_opposing
D:15:     gammafunk_depths_entry_grave, hangedman_abyss_or_decor_clamps,
          uniq_rupert
Temple:   eino_temple_rhombus
Lair:2:   roderic_carrion_pond, grunt_megastairs_5
Lair:3:   elwin_shoals_entry_rocks, grunt_forest_large_clearings,
          lemuel_fruit_fields
Lair:4:   guppyfry_snake_entry_island, lab_entry_generic, grunt_megastairs_1
Lair:5:   beast_lair_carwin_10, uniq_urug
Lair:6:   hangedman_lair_in_review, minmay_slime_entry_oklob_enclosed,
          lemuel_centaur_altar
Snake:1:  serial_corexii_hall, corexii_hall_statues_s, corexii_hall_statues_l,
          corexii_hall_statues_s, corexii_hall_statues_x
Snake:2:  st_stairs_5, nicolae_snake_serpentine_hallways
Snake:3:  basic_altar
Snake:4:  johnstein_snake_rune_scales, grunt_ministairs_4, uniq_aizul
Orc:1:    nicolae_orc_accident_3, nicolae_alphabet_shops
Orc:2:    st_orc_ogre_mass, serial_shops, bzr_in_the_mist
Lab:      labyrinth_spiral
Bazaar:   bazaar_kb_twisted_cavern

Skill      XL: |  1  2  3  4  5  6  7  8  9 10 11 12 13 14 15 16 17 |
---------------+----------------------------------------------------+-----
Fighting       | 3 4 5 7 8 9 11 12 13 14 15 16 | 16.9
Unarmed Combat | 1 3 4 5 6 8 9 10 11 12 13 14 15 16 | 16.0
Armour         | 2 3 5 6 8 9 10 11 12 13 14 15 | 15.2
Invocations    | 3 6 |  6.0
Evocations     | 2 6 8 |  8.8
Long Blades    | |  1.0
Bows           | |  3.6
Throwing       | |  1.0
Dodging        | |  1.0
Shields        | |  1.0

Action                   |  1- 3 |  4- 6 |  7- 9 | 10-12 | 13-15 | 16-18 || total
-------------------------+-------+-------+-------+-------+-------+-------++-------
Melee: Dagger            |   138 |    92 |     3 |       |       |       ||   233
       Unarmed           |     1 |   157 |   264 |   582 |  1032 |   515 ||  2551
       Punch             |       |     3 |     5 |    26 |    55 |    30 ||   119
 Fire: Blowgun           |       |     1 |       |       |       |       ||     1
       Shortbow          |       |       |       |       |    10 |       ||    10
Throw: Tomahawk          |       |       |     2 |       |     1 |       ||     3
       Javelin           |       |       |       |       |     1 |       ||     1
Invok: Ancestor Life: Ba |       |       |       |     1 |       |       ||     1
       Recall Ancestor   |       |       |       |       |     1 |       ||     1
 Abil: Evoke Invisibilit |       |       |       |       |     2 |       ||     2
       Evoke Blink       |       |       |       |       |       |     1 ||     1
Evoke: Wand              |       |       |     8 |     1 |     9 |       ||    18
  Use: Potion            |     2 |       |     2 |     2 |     7 |     1 ||    14
       Scroll            |       |     7 |     4 |    17 |    15 |     1 ||    44
 Stab: Sleeping          |       |     4 |       |     4 |       |       ||     8
       Distracted        |       |       |     2 |     5 |    15 |    14 ||    36
       Invisible         |       |       |       |     4 |     5 |       ||     9
       Petrified         |       |       |       |       |     2 |       ||     2
  Eat: Chunk             |     3 |    11 |    12 |    28 |    35 |    21 ||   110
       Bread ration      |       |       |       |     1 |       |     1 ||     2
Armor: Robe              |    33 |    38 |       |       |       |       ||    71
       Skin              |     9 |       |       |       |       |       ||     9
       Chain mail        |       |    32 |   194 |   162 |       |       ||   388
       Troll leather arm |       |       |       |   107 |   154 |       ||   261
       Plate armour      |       |       |       |       |   322 |   369 ||   691
Dodge: Dodged            |    79 |   123 |    81 |   332 |   561 |   139 ||  1315
